 Dungeon Crawl Stone Soup version 0.30.0-17-ge0270778cf (webtiles) character file.

Game seed: 5548636881202497809

185 sampeng1 the Trooper (level 5, -1/42 HPs)
             Began as a Human Cinder Acolyte on May 23, 2023.
             Was a High Priest of Ignis.
             Slain by an ice beast (10 damage)
             ... on level 3 of the Dungeon.
             The game lasted 00:07:30 (2460 turns).

sampeng1 the Trooper (Human Cinder Acolyte)         Turns: 2460, Time: 00:07:31

Health: -1/42      AC:  3    Str: 14    XL:     5   Next: 96%
Magic:  2/8        EV: 11    Int: 17    God:    Ignis [*****.]
Gold:   93         SH:  0    Dex:  8    Spells: 6/8 levels left

rFire   + . .        a - -1 hand axe (flame)
rCold   . . .        (no shield)
rNeg    + . .        b - +0 robe
rPois   .            (no helmet)
rElec   .            (no cloak)
rCorr   .            g - +0 pair of gloves
SInv    .            (no boots)
Will    .....        (no amulet)
Stlth   +            m - ring of positive energy
HPRegen 0.27/turn    (no ring)
MPRegen 0.11/turn

%: no passive effects
@: no status effects
A: no striking features
a: Renounce Religion, Fiery Armour, Foxfire Swarm, Rising Flame


You were on level 3 of the Dungeon.
You worshipped Ignis.
Ignis was extremely pleased with you.
You visited 1 branch of the dungeon, and saw 3 of its levels.

You collected 93 gold pieces.

Inventory:

Hand Weapons
 a - a -1 hand axe of flaming (weapon)
 k - a +0 scimitar
 o - a +1 dagger of venom
Missiles
 d - 38 stones
 f - 4 poisoned darts (quivered)
Armour
 b - a +0 robe (worn)
 g - a +0 pair of gloves (worn)
Jewellery
 m - a ring of positive energy (left hand)
Wands
 j - a wand of paralysis (10)
Scrolls
 h - a scroll of amnesia
 l - a scroll of magic mapping
 n - a scroll of vulnerability {unknown}
Potions
 c - 2 potions of curing
 e - a potion of mutation {unknown}
 i - a potion of heal wounds {unknown}
 p - a potion of ambrosia {unknown}


   Skills:
 + Level 4.0 Fighting
 + Level 4.0 Axes
 + Level 2.4 Spellcasting
 + Level 4.0 Fire Magic


You had 6 spell levels left.
You knew the following spells:

 Your Spells              Type           Power      Damage    Failure   Level
a - Scorch                Fire           30%        2d6       5%          2

Your spell library contained the following spells:

 Spells                   Type           Power      Damage    Failure   Level


Dungeon Overview and Level Annotations

Branches:
Dungeon (3/15)

Altars:
Yredelemnul


Message History

Found 11 gold pieces.
Found a ring mail.
You see here 5 large rocks.
You now have 93 gold pieces (gained 11).
Found a quarterstaff.
Found an escape hatch in the ceiling.
You see here a +0 quarterstaff.
Found a stone staircase leading down.
An ice beast comes into view.
You see here a scroll of identify.
Casting: Scorch (safe; 5% risk of failure)
Confirm with . or Enter, or press ? or * to list all spells.
Flames lash the ice beast.
The ice beast melts!
The ice beast is moderately wounded.
The ice beast's fire resistance burns away.
The ice beast closely misses you.
You hit the ice beast but do no damage.
The ice beast is moderately wounded.
The ice beast hits you. The ice beast freezes you!
You hit the ice beast.
You melt the ice beast.
The ice beast is moderately wounded.
The ice beast hits you. The ice beast freezes you!
You hit the ice beast.
You melt the ice beast.
The ice beast is severely wounded.
The ice beast hits you. The ice beast freezes you!
* * * LOW HITPOINT WARNING * * *
Casting: Scorch (safe; 5% risk of failure)
Confirm with . or Enter, or press ? or * to list all spells.
Flames lash the ice beast but do no damage.
The ice beast is no longer more vulnerable to fire.
The ice beast barely misses you.
Casting: Scorch (safe; 5% risk of failure)
Confirm with . or Enter, or press ? or * to list all spells.
Flames lash the ice beast.
The ice beast melts!
The ice beast is severely wounded.
The ice beast's fire resistance burns away.
The ice beast hits you.
* * * LOW HITPOINT WARNING * * *
The ice beast freezes you!
You die...

# # ## #. # ..# #. #
..### #.#
####....#####.##########
#.......................
#...........#..........#
............>...@Y.....#
#.........###...?......#
#.........###..........#
#......................#
#......................#
#.)........)...........#
.................#######
...####..........# ...#
#......[...#


You could see an ice beast (combustible).

Vanquished Creatures
  A black bear (D:3)
  Jessica (D:2)
  2 adders
  3 bats
  3 endoplasms
  A giant cockroach (D:3)
  A goblin (D:2)
  8 hobgoblins
  6 quokkas
  5 ball pythons
  3 frilled lizards
  8 kobolds
  5 rats
47 creatures vanquished.

Notes
Turn   | Place    | Note
-------+----------+-------------------------------------------
     0 | D:1      | sampeng1 the Human Cinder Acolyte began the quest for the
                  | Orb.
     0 | D:1      | Reached XP level 1. HP: 18/18 MP: 2/2
   285 | D:1      | Reached XP level 2. HP: 22/24 MP: 3/3
   309 | D:1      | Learned a level 2 spell: Scorch
  1121 | D:2      | Found a basalt altar of Yredelemnul.
  1160 | D:2      | Reached XP level 3. HP: 29/29 MP: 0/5
  1409 | D:2      | Noticed Jessica
  1416 | D:2      | Killed Jessica
  1417 | D:2      | Reached XP level 4. HP: 35/35 MP: 1/6
  1551 | D:2      | Found a faded altar of an unknown god.
  2361 | D:3      | Noticed a black bear
  2370 | D:3      | Killed a black bear
  2371 | D:3      | Reached XP level 5. HP: 27/42 MP: 1/8
  2451 | D:3      | Noticed an ice beast
  2460 | D:3      | Slain by an ice beast

Illustrated notes

Levels and vault maps discovered:
D:1:      enne_arrival_octagon_isle, layout_basic, serial_forest,
          infiniplex_forest_end_1, infiniplex_forest_lined_corner,
          infiniplex_forest_diagonal, infiniplex_forest_straight_5,
          infiniplex_forest_clump_tiny
D:2:      layout_basic, shapermc_ecumenical_altar_mp_ritualfount, basic_altar,
          minmay_misc_feat_rugged, uniq_jessica
D:3:      layout_basic

Skill      XL: |  1  2  3  4 |
---------------+-------------+-----
Spellcasting   | 2 |  2.4
Fighting       | 4 |  4.0
Axes           | 4 |  4.0
Fire Magic     | 4 |  4.0

Action                     |  1- 3 |  4- 6 || total
---------------------------+-------+-------++-------
  Melee: Hand axe          |    45 |    43 ||    88
         Scimitar          |       |    13 ||    13
         Punch             |       |     4 ||     4
  Throw: Dart              |     4 |       ||     4
   Cast: Scorch            |    11 |    13 ||    24
    Use: Scroll            |     6 |     2 ||     8
 Armour: Robe              |     6 |     8 ||    14
  Dodge: Dodged            |    30 |    38 ||    68
